Map: Bastion of the Conclave

Players

Yata - Winner!

  • Race: Zerg Zerg
  • League: Gold
  • Spawn Location: 6:00

Myhome - Winner!

  • Race: Terran Terran
  • League: Diamond
  • Spawn Location: 6:00

SHreddedWInd - Winner!

  • Race: Protoss Protoss
  • Spawn Location: 6:00

Shiva

  • Race: Zerg Zerg
  • League: Gold
  • Spawn Location: 12:00

KingCatNip

  • Race: Terran Terran
  • League: Diamond
  • Spawn Location: 0:00

Spectre

  • Race: Protoss Protoss
  • League: Gold
  • Spawn Location: 12:00

VOD

Have the link to the VOD?

Description

Time

  • Played on: Aug. 31, 2017, 11:03 p.m.
  • Length: 12:23
Show
View Real Time Build Order
Export as new Build Order

Yata Zerg - Winner!

Build Orders: Hatch First 

Get SALT Encoding   

  12  0:01  Drone  
  13  0:13  Overlord  
  13  0:18  Drone  
  14  0:31  Drone x2  
  14  0:35  Drone  
  17  0:56  Drone  
  18  0:58  Hatchery  
  18  1:02  Drone  
  18  1:10  Extractor  
  17  1:16  Spawning Pool  
  16  1:19  Drone  
  16  1:22  Drone  
  18  1:28  Drone  
  19  1:39  Overlord  
  19  1:57  Drone  
  20  2:05  Zergling x2  
  20  2:08  Queen  
  23  2:10  Queen  
  23  2:12  Zergling x2  
  23  2:14  Metabolic Boost  
  26  2:17  Drone  
  26  2:20  Drone  
  28  2:29  Drone  
  27  2:46  Drone x3  
  30  2:51  Baneling Nest  
  30  2:54  Queen  
  31  3:00  Zergling x2  
  31  3:01  Zergling x4  
  34  3:09  Drone  
  34  3:10  Drone  
  36  4:00  Zergling x2  
  30  4:13  Overlord x2  
  30  4:14  Overlord x2  
  30  4:30  Zergling x2  
  28  4:31  Zergling x2  
  28  4:32  Zergling x2  
  28  4:33  Zergling x10  
  33  4:47  Queen  
  33  4:57  Zergling x2  
  33  4:58  Zergling x12  
  37  5:13  Zergling x4  
  37  5:14  Zergling x6  
  42  5:17  Baneling x3  
  42  5:18  Baneling  
  42  5:23  Queen  
  42  5:25  Spore Crawler  
  42  5:26  Spore Crawler  
  42  5:35  Lair  
  42  5:38  Roach Warren  
  41  5:43  Zergling x12  
  42  6:28  Zergling x6  
  42  6:29  Zergling x14  
  37  6:55  Baneling  
  24  7:25  Roach  
  24  7:26  Roach x8  
  42  7:31  Extractor  
  42  7:33  Glial Reconstitution  
  41  7:38  Evolution Chamber  
  40  7:50  Roach x6  
  52  8:07  Zerg Missile Weapons Level 1  
  52  8:11  Overlord x3  
  52  8:29  Overlord  
  52  8:37  Drone x3  
  55  8:44  Drone  
  56  9:05  Roach, Zergling x2  
  56  9:06  Roach  
  59  9:24  Roach x3  
  61  9:30  Drone x2  
  67  9:33  Drone  
  68  9:51  Roach  
  68  9:52  Roach x2  
  74  9:57  Drone x2  
  76  10:31  Overlord x3  
  76  10:32  Overlord x2  
  74  10:57  Roach x6  
  85  11:21  Roach  
  85  11:22  Roach x5  
  97  11:36  Roach  
  97  11:37  Roach x2  
  103  11:43  Drone x3  
Show
View Real Time Build Order
Export as new Build Order

Myhome Terran - Winner!

Build Orders: Command Center First (CC), MMM Bio 

Get SALT Encoding   

  12  0:01  SCV  
  13  0:13  SCV  
  14  0:18  Supply Depot  
  14  0:25  SCV  
  15  0:40  SCV  
  16  0:52  SCV  
  17  1:02  Command Center  
  17  1:05  SCV  
  18  1:17  Barracks  
  18  1:19  SCV  
  19  1:31  SCV  
  20  1:34  Refinery  
  20  1:35  Refinery  
  20  1:43  SCV  
  21  1:59  SCV  
  22  2:12  Barracks Reactor, Barracks  
  22  2:13  Orbital Command  
  22  2:17  Orbital Command  
  22  2:36  Factory  
  22  2:40  SCV  
  22  2:43  SCV  
  24  2:50  Marine x2  
  26  2:52  SCV  
  26  2:58  Supply Depot  
  27  3:01  SCV, Engineering Bay  
  27  3:03  Barracks Tech Lab  
  28  3:08  Marine x2  
  28  3:10  SCV  
  31  3:13  SCV  
  32  3:22  SCV  
  32  3:26  SCV  
  34  3:27  Marine x2  
  34  3:28  Marine  
  34  3:29  Stimpack  
  37  3:34  Supply Depot  
  37  3:36  Terran Infantry Weapons Level 1  
  37  3:41  SCV x2  
  37  3:44  Factory Tech Lab  
  39  3:50  Marine x2, Starport  
  41  3:59  SCV x2  
  43  4:10  Command Center  
  43  4:19  Marine  
  43  4:20  Marine x2  
  46  4:37  Marine x2  
  39  4:42  Starport Reactor  
  39  4:43  Marine  
  39  4:44  SCV x2  
  42  4:52  Barracks  
  42  4:53  Barracks  
  42  4:54  Barracks  
  42  4:58  Sensor Tower, Barracks  
  42  5:02  Engineering Bay  
  42  5:03  Marine x3  
  45  5:12  Supply Depot  
  45  5:14  Supply Depot  
  45  5:15  Missile Turret  
  45  5:17  SCV, Missile Turret  
  46  5:23  Marine x3  
  49  5:28  Orbital Command  
  49  5:32  SCV  
  50  5:41  Marine x2  
  52  5:44  Barracks Reactor  
  52  5:45  Barracks Reactor, Barracks Tech Lab x2  
  52  5:49  SCV x2, Marauder  
  56  5:53  Refinery  
  56  5:56  Terran Infantry Armor Level 1, Refinery  
  56  6:02  Armory  
  56  6:03  Medivac  
  58  6:06  Medivac  
  60  6:14  Missile Turret  
  60  6:15  SCV x2  
  60  6:18  Missile Turret  
  62  6:19  SCV  
  62  6:20  Marine x3  
  62  6:21  Marine  
  67  6:31  Marine x4  
  71  6:35  Marine  
  71  6:36  Combat Shields  
  71  6:37  Medivac  
  71  6:38  Marine  
  75  6:40  SCV x3  
  78  6:48  Marine x3  
  78  6:49  Marine  
  78  6:52  SCV x3  
  85  6:57  Terran Vehicle And Ship Armor Level 1  
  85  7:21  Marine x6  
  85  7:22  SCV x2, Marine x3  
  96  7:24  Supply Depot  
  96  7:25  Supply Depot  
  96  7:26  Supply Depot, SCV  
  96  7:27  Supply Depot  
  97  7:35  Medivac  
  97  7:36  Medivac  
  101  7:45  Marine x8  
  101  7:46  Siege Tank, Marine  
  101  7:50  Terran Infantry Weapons Level 2  
  105  8:02  SCV x2  
  105  8:03  Marine x8, SCV  
  105  8:04  Marine  
  117  8:05  Medivac  
  117  8:06  Refinery  
  117  8:08  Refinery  
  119  8:21  Marine x6  
  119  8:22  SCV x2  
  119  8:23  SCV  
  128  8:32  Marine x3  
  131  8:39  Medivac  
  133  8:46  Supply Depot x2  
  133  8:48  Supply Depot x3  
  133  9:01  Terran Infantry Armor Level 2  
  133  9:07  Marine x9  
  133  9:08  Medivac, Siege Tank  
  147  9:19  Medivac  
  149  9:25  Marine x9  
  158  9:38  Medivac  
  160  9:43  Marine x9  
  169  9:49  Medivac  
  140  10:01  Marine x9  
  148  10:07  Medivac  
  150  10:18  Marine x5  
  150  10:19  Marine x3  
  158  10:22  Marine  
  158  10:23  Barracks  
  158  10:24  Barracks x2  
  159  10:36  Marine x5  
  159  10:37  Marine x3  
  164  10:50  Marine  
  164  10:54  Marine x4  
  164  10:56  Marine x4  
  162  11:08  Marine  
  158  11:12  Marine x4  
  158  11:14  Marine x4  
  158  11:15  Barracks Reactor x2  
  158  11:16  Barracks Reactor  
  156  11:26  Marine  
  156  11:30  Marine x4  
  156  11:32  Marine x4  
  165  11:44  Marine  
  166  11:48  Marine x4  
  166  11:49  Marine  
  166  11:50  Marine x2  
  173  11:55  Marine  
  173  12:00  Marine x2  
  173  12:01  Marine x4  
  168  12:02  Marine  
Show
View Real Time Build Order
Export as new Build Order

SHreddedWInd Protoss - Winner!

Build Orders:  

Get SALT Encoding   

  12  0:01  Probe (Chrono Boost)  
  13  0:11  Probe (Chrono Boost)  
  14  0:22  Probe (Chrono Boost)  
  14  0:24  Pylon  
  15  0:42  Probe (Chrono Boost)  
  16  0:48  Assimilator  
  16  0:50  Gateway  
  16  0:53  Probe (Chrono Boost)  
  17  1:03  Probe (Chrono Boost)  
  18  1:07  Pylon  
  18  1:18  Probe (Chrono Boost)  
  19  1:28  Probe (Chrono Boost)  
  20  1:40  Cybernetics Core  
  20  1:43  Pylon  
  20  1:46  Probe (Chrono Boost)  
  21  1:49  Assimilator  
  21  1:57  Probe (Chrono Boost)  
  22  2:05  Cybernetics Core  
  22  2:09  Probe (Chrono Boost)  
  23  2:16  Warp Gate  
  23  2:17  Adept  
  23  2:19  Probe (Chrono Boost)  
  26  2:33  Nexus  
  26  2:44  Probe (Chrono Boost)  
  27  2:53  Stargate  
  27  2:55  Probe (Chrono Boost)  
  28  3:03  Adept  
  32  3:06  Mothership Core (Chrono Boost)  
  32  3:21  Gateway  
  32  3:24  Pylon  
  32  3:40  Probe (Chrono Boost)  
  33  3:41  Void Ray  
  33  3:46  Probe (Chrono Boost)  
  38  3:51  Probe (Chrono Boost)  
  39  3:57  Probe (Chrono Boost)  
  39  4:01  Probe (Chrono Boost)  
  36  4:35  Adept, Pylon  
  38  4:42  Void Ray (Chrono Boost)  
  40  4:49  Mothership Core  
  40  5:09  Probe  
  41  5:15  Adept x2  
  41  5:20  Probe  
  45  5:25  Stargate  
  45  5:28  Stargate  
  46  5:31  Probe  
  46  5:32  Pylon  
  46  5:33  Assimilator  
  46  5:35  Assimilator  
  47  5:36  Probe  
  47  5:42  Robotics Facility  
  48  5:44  Probe  
  48  5:48  Zealot x2  
  53  5:54  Probe  
  54  6:00  Gateway  
  54  6:01  Gateway  
  54  6:05  Probe  
  54  6:11  Void Ray (Chrono Boost)  
  59  6:16  Probe  
  59  6:18  Oracle (Chrono Boost)  
  63  6:29  Probe  
  63  6:31  Warp Prism  
  70  6:33  Void Ray (Chrono Boost)  
  70  6:34  Probe  
  71  6:41  Probe  
  71  6:46  Probe  
  73  6:47  Protoss Air Weapons Level 1 (Chrono Boost)  
  73  6:53  Protoss Air Armor Level 1 (Chrono Boost)  
  73  7:02  Zealot x2  
  77  7:30  Pylon  
  77  7:31  Pylon  
  77  7:34  Pylon  
  77  7:47  Pylon  
  77  7:49  Pylon, Void Ray  
  77  7:50  Gateway, Void Ray  
  85  7:53  Gateway  
  85  8:00  Nexus  
  85  8:13  Void Ray  
  85  8:16  Zealot x2  
  93  8:32  Void Ray  
  93  8:33  Void Ray  
  101  8:55  Zealot x3  
  107  8:56  Void Ray  
  107  9:26  Void Ray x2  
  115  9:34  Fleet Beacon  
  99  10:23  Void Ray x2 (Chrono Boost)  
  99  10:24  Void Ray (Chrono Boost)  
  99  10:25  Probe  
  108  10:36  Probe  
  108  10:40  Zealot x5  
  108  10:41  Zealot  
  113  10:48  Probe  
  84  11:34  Zealot x2  
  84  11:35  Zealot x4  
  84  11:37  Void Ray x2 (Chrono Boost)  
  104  11:42  Void Ray (Chrono Boost)  
Show
View Real Time Build Order
Export as new Build Order

Shiva Zerg 

Build Orders: Pool First 

Get SALT Encoding   

  12  0:01  Drone  
  13  0:08  Drone  
  14  0:14  Extractor  
  14  0:17  Drone  
  14  0:24  Overlord  
  14  0:41  Spawning Pool  
  13  0:45  Drone  
  14  0:50  Drone  
  14  0:56  Drone  
  14  0:57  Drone  
  17  1:24  Hatchery  
  16  1:27  Drone  
  16  1:30  Zergling x2  
  18  1:42  Drone x2  
  20  1:50  Queen  
  22  1:58  Overlord  
  22  2:01  Extractor  
  22  2:03  Drone  
  22  2:17  Drone  
  22  2:20  Metabolic Boost  
  23  2:25  Roach Warren  
  22  2:30  Drone  
  22  2:36  Drone x2  
  24  2:48  Zergling x2  
  24  2:49  Zergling x2  
  26  2:56  Drone  
  26  2:58  Drone  
  28  3:01  Drone  
  28  3:02  Drone x2  
  31  3:08  Drone  
  32  3:13  Drone  
  32  3:18  Queen  
  35  3:24  Overlord  
  35  3:33  Baneling Nest  
  34  3:46  Zergling x2  
  34  3:47  Zergling x8  
  32  4:12  Drone x4, Queen  
  38  4:27  Zergling x6  
  39  5:03  Zergling x8  
  39  5:04  Drone x2  
  42  5:30  Zergling x2  
  42  5:31  Zergling x2  
  42  5:32  Overlord x2  
  44  5:41  Hatchery  
  44  5:42  Lair  
  43  5:53  Evolution Chamber  
  42  5:57  Evolution Chamber  
  42  6:03  Zergling x12  
  43  6:31  Zergling x4  
  32  6:33  Baneling x2  
  32  6:40  Queen  
  31  7:10  Drone x3  
  31  7:11  Drone x3  
  37  7:22  Baneling x3  
  37  7:32  Infestation Pit  
Show
View Real Time Build Order
Export as new Build Order

KingCatNip Terran 

Build Orders: Cyclone Opening 

Get SALT Encoding   

  12  0:01  SCV  
  13  0:13  SCV  
  14  0:26  SCV  
  14  0:28  Supply Depot  
  15  0:41  Refinery  
  15  0:49  SCV  
  16  0:50  Barracks  
  16  1:01  SCV  
  17  1:13  SCV  
  18  1:31  SCV  
  19  1:37  Refinery  
  19  1:41  Supply Depot  
  19  1:43  SCV  
  20  1:53  Factory  
  20  2:01  SCV  
  20  2:07  Supply Depot  
  21  2:13  SCV  
  22  2:20  Factory  
  22  2:25  SCV  
  23  2:37  Marine  
  23  2:38  SCV  
  23  2:40  Cyclone  
  28  2:50  SCV  
  29  3:04  Cyclone  
  32  3:09  SCV  
  33  3:17  Cyclone  
  36  3:38  Command Center, Cyclone  
  37  4:22  Widow Mine  
  38  4:34  Cyclone  
  23  5:44  Command Center  
  23  5:45  SCV  
  25  5:52  Starport  
  24  6:03  Barracks Tech Lab  
  24  6:24  Combat Shields  
  24  6:26  Marine  
  25  6:35  Medivac  
  27  6:44  Marine  
  28  6:54  Starport  
  28  7:01  Marine, SCV x2  
  31  7:13  SCV x2  
  24  7:25  SCV x2  
  16  7:37  SCV x2  
  18  7:49  SCV x2  
  20  8:01  SCV x2  
  22  8:31  SCV  
  23  8:35  SCV  
  24  8:43  SCV  
  24  8:47  SCV  
  26  8:55  SCV  
  23  9:07  SCV  
  17  9:19  SCV  
Show
View Real Time Build Order
Export as new Build Order

Spectre Protoss 

Build Orders: 1 Gate Expand 

Get SALT Encoding   

  12  0:01  Probe (Chrono Boost)  
  13  0:11  Probe (Chrono Boost)  
  14  0:18  Pylon  
  14  0:23  Probe (Chrono Boost)  
  15  0:36  Probe (Chrono Boost)  
  15  0:38  Gateway  
  16  0:47  Probe (Chrono Boost)  
  16  0:49  Assimilator  
  17  1:16  Nexus  
  17  1:19  Probe (Chrono Boost)  
  18  1:31  Cybernetics Core  
  18  1:42  Probe (Chrono Boost)  
  18  1:45  Assimilator  
  19  1:53  Probe (Chrono Boost)  
  20  1:59  Pylon  
  20  2:03  Probe (Chrono Boost)  
  20  2:07  Warp Gate  
  21  2:10  Gateway  
  21  2:17  Probe (Chrono Boost)  
  22  2:25  Twilight Council  
  22  2:32  Probe (Chrono Boost)  
  22  2:33  Probe (Chrono Boost)  
  24  2:43  Probe (Chrono Boost)  
  25  2:46  Probe (Chrono Boost)  
  28  2:52  Adept (Chrono Boost)  
  28  2:58  Adept (Chrono Boost)  
  30  2:59  Probe  
  30  3:01  Probe  
  32  3:09  Pylon  
  32  3:10  Probe  
  33  3:13  Probe  
  33  3:16  Stalker (Chrono Boost)  
  36  3:22  Pylon  
  36  3:24  Mothership Core  
  36  3:28  Probe  
  39  3:44  Probe  
  39  3:45  Probe  
  41  3:57  Probe  
  42  4:04  Resonating Glaives (Chrono Boost)  
  42  4:11  Adept x2  
  46  4:21  Probe  
  46  4:22  Probe  
  48  4:26  Assimilator  
  48  4:31  Assimilator  
  48  4:32  Probe  
  48  4:33  Gateway  
  48  4:34  Gateway, Probe  
  48  4:38  Adept  
  52  4:39  Gateway  
  52  4:40  Adept  
  52  4:41  Gateway  
  52  4:42  Probe  
  55  4:47  Probe  
  56  5:05  Stalker x2  
  60  5:30  Probe  
  60  5:31  Probe  
  62  5:46  Pylon  
  62  5:47  Pylon  
  62  5:49  Pylon  
  62  5:50  Pylon  
  62  6:01  Nexus  
  62  6:02  Probe  
  62  6:03  Pylon  
  62  6:04  Pylon, Probe  
  62  6:06  Pylon  
  62  6:10  Adept x2  
  62  6:11  Adept x4  
  74  6:16  Probe  
  77  6:40  Adept x3  
  77  6:41  Adept x3  
  89  7:25  Probe x2  
  89  7:26  Probe  
  92  7:30  Adept  
  92  7:31  Adept x5  
  92  7:35  Probe x2  
  104  7:38  Probe  
  104  7:40  Blink (Chrono Boost)  
  107  7:46  Probe x2  
  107  7:50  Probe  
  103  7:56  Probe  
  98  8:09  Gateway  
  98  8:10  Pylon, Gateway, Stalker  
  98  8:11  Pylon, Gateway, Stalker x5  
  110  8:13  Pylon, Gateway  
  110  8:15  Pylon, Gateway  
  110  8:18  Gateway  
  110  8:19  Gateway  
  110  8:41  Gateway x2  
  110  8:44  Gateway, Probe x2  
  110  8:45  Probe  
  110  8:46  Gateway  
  110  8:47  Gateway, Assimilator  
  113  8:50  Gateway  
  113  8:51  Assimilator  
  113  8:52  Gateway  
  113  8:57  Probe  
  113  8:59  Stalker x5  
  113  9:00  Stalker  
  124  9:35  Stalker x2  
  124  9:36  Stalker x2  
  124  9:37  Stalker x3  
  138  9:41  Stalker  
  138  9:42  Stalker x5  
  123  9:58  Stalker x4  
  113  10:05  Stalker x3  
  113  10:06  Stalker x3  
  125  10:23  Stalker x4  
  125  10:24  Stalker x2  
  125  10:25  Stalker x2  
  125  10:26  Stalker x2  
  125  10:27  Stalker  
  125  10:51  Stalker x2  
  125  10:52  Stalker  
  125  10:55  Stalker x3  
  125  10:56  Stalker x2  
  125  10:57  Stalker  
  105  11:06  Stalker x2  
  105  11:07  Stalker  
  105  11:08  Stalker x2  
  83  11:15  Stalker x6  
  83  11:16  Stalker  
  89  11:30  Stalker x4  
  84  11:50  Stalker x3  
  84  11:51  Stalker  
  84  11:52  Stalker  
  84  11:53  Stalker x2  
  84  11:54  Stalker x2  
  100  11:55  Stalker x3  
Tags
 
Add a new tag
Caveats
  • Supply blocks, unpowered buildings, or Contaminate may cause inaccurate times.
  • Supply counts are checked every 10 seconds.